 Dungeon Crawl Stone Soup version 0.27-a0-1291-geefcff550b (webtiles) character file.

Game seed: 9597719766876723845

20 dickylongcocking the Skirmisher (level 2, -1/24 HPs)
             Began as a Demonspawn Monk on June 15, 2021.
             Succumbed to an adder's poison
             ... on level 2 of the Dungeon.
             The game lasted 00:01:10 (1099 turns).

dickylongcocking the Skirmisher (Demonspawn Monk)   Turns: 1099, Time: 00:01:11

Health: -1/24      AC:  2    Str: 11    XL:     2   Next: 58%
Magic:  1/1        EV: 12    Int: 11    God:
Gold:   23         SH:  0    Dex: 15    Spells: 1/1 levels left

rFire    . . .     SeeInvis .   (no weapon)
rCold    . . .     Faith    .   (no shield)
rNeg     . . .     Spirit   .   b - +0 robe
rPois    .         Reflect  .   (helmet restricted)
rElec    .         Harm     .   (no cloak)
rCorr    .         Rampage  .   (no gloves)
Will     .....                  (no boots)
Stlth    ++........             (no amulet)
HPRegen  0.08/turn              (no ring)
MPRegen  0.07/turn              (no ring)

@: lethally poisoned (-1 -> -9), attractive
A: claws 1, horns 1, low mp 1
a: no special abilities


You were on level 2 of the Dungeon.
You visited 1 branch of the dungeon, and saw 2 of its levels.

You collected 23 gold pieces.

Inventory:

Hand Weapons
 a - a +0 short sword
Armour
 b - a +0 robe (worn)
Magical Staves
 d - a staff of death
Scrolls
 c - a scroll of immolation {unknown}


   Skills:
 * Level 3.4 Fighting
 - Level 2.7 Short Blades
 - Level 0.4 Staves
 - Level 2.6 Dodging
 - Level 1.7 Stealth
 * Level 0.6 Unarmed Combat
 - Level 0.6 Necromancy


You had one spell level left.
You didn't know any spells.
Your spell library was empty.

Dungeon Overview and Level Annotations

Branches:
Dungeon (2/15)

Altars:

Annotations:
D:2 Jessica


Innate Abilities, Weirdness & Mutations

You have sharp fingernails.
You have a pair of small horns on your head.
Your magical capacity is low. (-10% MP)


Message History

The bat closely misses you. The bat completely misses you.
Jessica casts a spell.
Jessica blinks!
The bat barely misses you. The bat closely misses you.
An adder comes into view.
The bat hits you but does no damage. The bat hits you but does no damage.
The bat barely misses you. The bat hits you.
The bat hits you but does no damage.
Found a hunting sling.
The bat hits you.
The adder hisses angrily.
The bat hits you. x2; The adder bites you.
You are poisoned.
The adder poisons you! The bat hits you but does no damage.
You miss the adder.
You feel sick. The bat hits you but does no damage.
The adder closely misses you. The adder barely misses you.
You closely miss the adder.
You feel sick. The bat misses you. The bat hits you but does no damage.
The adder misses you.
You feel sick. The bat closely misses you.
The adder bites you but does no damage.
You feel sick. The bat hits you. The adder bites you.
You are more poisoned.
The adder poisons you!
You feel sick. The adder bites you.
* * * LOW HITPOINT WARNING * * *
You are lethally poisoned!
The adder poisons you! The bat hits you.
* * * LOW HITPOINT WARNING * * *
The adder completely misses you.
* * * LOW HITPOINT WARNING * * *
You feel sick. The bat hits you but does no damage.
It was a potion of attraction.
You feel attractive to monsters.
* * * LOW HITPOINT WARNING * * *
You feel sick. The adder bites you but does no damage.
It was a potion of mutation.
You feel extremely strange.
You feel less energetic. A pair of horns grows on your head!
You die...

#.# ###.#####
.......######
#..#.#.....#
##############..#.#......
.........J.J.............
#..)..bK#####.#..#.###.#
#.#####S# #.#.......$.
#@# #..........#
#.........J....#.#
##########..#..(..
........รท...#.#
##..#).#.# ###........
#<......... ###........
#.##..#..


You could see an adder, an endoplasm, a bat and a kobold.

Vanquished Creatures
  4 ball pythons (D:1)
  An endoplasm (D:1)
  A giant cockroach (D:1)
  2 goblins (D:1)
  A hobgoblin (D:1)
  2 jackals (D:1)
  2 quokkas (D:1)
  A kobold (D:1)
  4 rats
18 creatures vanquished.

Notes
Turn   | Place    | Note
-------+----------+-------------------------------------------
     0 | D:1      | dickylongcocking the Demonspawn Monk began the quest for
                  | the Orb.
     0 | D:1      | Reached XP level 1. HP: 18/18 MP: 1/1
   158 | D:1      | Gained mutation: You have sharp fingernails. [demonic
                  | ancestry]
   158 | D:1      | Reached XP level 2. HP: 20/24 MP: 2/2
   418 | D:1      | Found a faded altar of an unknown god.
   790 | D:2      | Noticed Jessica
  1098 | D:2      | HP: 1/24 [poisoned by an adder]
  1099 | D:2      | Gained mutation: Your magical capacity is low. (-10% MP)
                  | [potion of mutation]
  1099 | D:2      | Gained mutation: You have a pair of small horns on your
                  | head. [potion of mutation]
  1099 | D:2      | Succumbed to an adder's poison

Illustrated notes

Levels and vault maps discovered:
D:1:      minmay_arrival_open_corners, layout_loops_ring,
          ebering_ecumenical_altar_petrified
D:2:      layout_basic, uniq_jessica

Action                   || total
-------------------------++-------
Melee: Short sword       ||    16
       Unarmed           ||    37
  Use: Potion            ||     2
 Stab: Sleeping          ||     2
Armor: Robe              ||    17
Dodge: Dodged            ||    51

Table legend: (Time is in decaauts)
 A = Elapsed time spent in this place.
 B = Non-inter-level travel time spent in this place.
 C = Inter-level travel time spent in this place.
 D = Time resting spent in this place.
 E = Time spent auto-exploring this place.
 F = Levels seen in this place.
 G = Mean time per level.
                   A        B        C        D        E       F      G
               +--------+--------+--------+--------+--------+-----+--------+
         Total |   1103 |   1065 |     38 |    250 |    636 |   2 |  551.5 |
       Dungeon |   1103 |   1065 |     38 |    250 |    636 |   2 |  551.5 |
               +--------+--------+--------+--------+--------+-----+--------+

Top non-repeatable levels by time:
     D:1: 1064 daAuts
     D:2: 38 daAuts
